 Dungeon Crawl Stone Soup version 0.27.1-34-g3ba077fa99 (webtiles) character file.

Game seed: 2124948354814646222

45 Kraken2834 the Firebug (level 3, -1/28 HPs)
             Began as a Draconian Fire Elementalist on Jan 6, 2022.
             Slain by a scorpion (2 damage)
             ... on level 2 of the Dungeon.
             The game lasted 00:05:43 (1749 turns).

Kraken2834 the Firebug (DrFE)                       Turns: 1749, Time: 00:05:43

Health: -1/28      AC:  5    Str: 10    XL:     3   Next: 42%
Magic:  3/7        EV: 12    Int: 16    God:
Gold:   41         SH:  0    Dex: 11    Spells: 6/7 levels left

rFire    . . .     SeeInvis .   (no weapon)
rCold    . . .     Faith    .   (no shield)
rNeg     . . .     Spirit   .   (armour unavailable)
rPois    .         Reflect  .   (helmet restricted)
rElec    .         Harm     .   (no cloak)
rCorr    .         Rampage  .   (no gloves)
Will     .....                  (no boots)
Stlth    ++........             (no amulet)
HPRegen  0.09/turn              d - ring of flight
MPRegen  0.10/turn              (no ring)

@: brilliant, lethally poisoned (-1 -> -7), flying
A: AC +5, unfitting armour, cold-blooded, talons 1, mutation resistance 1,
robust 1
a: no special abilities


You were on level 2 of the Dungeon.
You visited 1 branch of the dungeon, and saw 2 of its levels.

You collected 41 gold pieces.

Inventory:

Jewellery
 d - a ring of flight (left hand)
Scrolls
 a - 2 scrolls of identify {unknown}
 b - 3 scrolls of teleportation {unknown}
 e - a scroll of acquirement {unknown}
Potions
 c - a potion of lignification {unknown}
 g - a potion of brilliance


   Skills:
 - Level 1.7 Dodging
 - Level 1.7 Stealth
 * Level 2.7 Spellcasting
 * Level 1.6 Conjurations
 + Level 3.7 Fire Magic


You had 6 spell levels left.
You knew the following spells:

 Your Spells              Type           Power      Damage    Failure   Level
a - Foxfire               Conj/Fire      64%        2x1d7     6%          1

Your spell library contained the following spells:

 Spells                   Type           Power      Damage    Failure   Level
 Animate Skeleton         Necr           6%         N/A       19%         1
 Apportation              Tloc           6%         N/A       19%         1
 Corona                   Hex            3%         N/A       19%         1
 Summon Small Mammal      Summ           12%        N/A       19%         1
 Conjure Flame            Conj/Fire      16%        6-21      19%         3
 Inner Flame              Hex/Fire       12%        N/A       26%         3
 Sticky Flame             Conj/Fire      16%        2d4       54%         4
 Fireball                 Conj/Fire      8%         3d6       87%         5


Dungeon Overview and Level Annotations

Branches:
Dungeon (2/15)

Altars:


Innate Abilities, Weirdness & Mutations

Your plain brown scales are hard. (AC +5)
You cannot fit into any form of body armour.
You are cold-blooded and may be slowed by cold attacks.
You have sharp toenails.
You are somewhat resistant to further mutation.
You are robust. (+10% HP)


Message History

You feel clever all of a sudden. The scorpion barely misses you.
Casting: Foxfire (safe; 6% risk of failure)
Confirm with . or Enter, or press ? or * to list all spells.
You feel a surge of power!
You conjure some foxfire!
The scorpion stings you but does no damage.
The foxfire hits the scorpion.
The scorpion is moderately wounded.
The foxfire hits the scorpion.
The scorpion is moderately wounded.
Casting: Foxfire (safe; 6% risk of failure)
Confirm with . or Enter, or press ? or * to list all spells.
You feel a surge of power!
You conjure some foxfire!
The scorpion closely misses you.
The foxfire hits the scorpion but does no damage.
The scorpion is moderately wounded.
The foxfire hits the scorpion but does no damage.
The scorpion is moderately wounded.
The scorpion misses you. The scorpion stings you.
* * * LOW HITPOINT WARNING * * *
You are lethally poisoned!
The scorpion poisons you!
Casting: Foxfire (safe; 6% risk of failure)
Confirm with . or Enter, or press ? or * to list all spells.
You feel a surge of power!
You conjure some foxfire!
* * * LOW HITPOINT WARNING * * *
You feel very sick. The scorpion stings you.
* * * LOW HITPOINT WARNING * * *
It was a potion of mutation.
You feel extremely strange.
You feel robust.
You feel genetically stable.
Your toenails lengthen and sharpen.
* * * LOW HITPOINT WARNING * * *
You feel sick.
The foxfire hits the scorpion but does no damage.
The scorpion is moderately wounded.
The foxfire hits the scorpion but does no damage.
The scorpion is moderately wounded.
The scorpion stings you.
You die...

...............##......
.##......................
....................##......
....#..............###......
#...#.(.......####.......... #
.#.............# #..#.....).
.................# ##.........
...........s.§..####.........
#.###......@§...............
..#...........§.......##..#.#.
.......##............# #.#.#.#
##......#.....####. #...#_#.
.......######..## ....#.#.#
.###... ##..########..#.#.
#... ###...............(. #...
...............#####.# ####
####...........# #..


You could see a scorpion.

Vanquished Creatures
  An adder (D:2)
  A worm (D:2)
  2 dart slugs (D:1)
  An endoplasm (D:1)
  A goblin (D:1)
  2 hobgoblins (D:1)
  2 jackals (D:1)
  6 kobolds
  2 quokkas (D:1)
  3 ball pythons (D:1)
  3 bats
  4 frilled lizards (D:1)
  2 rats
30 creatures vanquished.

Vanquished Creatures (others)
  76 foxfires
76 creatures vanquished.

Grand Total: 106 creatures vanquished

Notes
Turn   | Place    | Note
-------+----------+-------------------------------------------
     0 | D:1      | Kraken2834 the Draconian Fire Elementalist began the quest
                  | for the Orb.
     0 | D:1      | Reached XP level 1. HP: 14/14 MP: 3/3
   492 | D:1      | Reached XP level 2. HP: 15/20 MP: 5/5
  1460 | D:2      | Reached XP level 3. HP: 26/26 MP: 4/6
  1569 | D:2      | Found a faded altar of an unknown god.
  1724 | D:2      | Noticed a scorpion
  1749 | D:2      | Gained mutation: You are robust. (+10% HP) [potion of
                  | mutation]
  1749 | D:2      | Gained mutation: You are somewhat resistant to further
                  | mutation. [potion of mutation]
  1749 | D:2      | Gained mutation: You have sharp toenails. [potion of
                  | mutation]
  1749 | D:2      | HP: 1/28 [poisoned by a scorpion]
  1749 | D:2      | Slain by a scorpion

Illustrated notes

Levels and vault maps discovered:
D:1:      roderic_chinese_lattice_arrival, layout_loops_ring
D:2:      layout_rooms, chequers_ecumenical_altar_simple_redux,
          grunt_ministairs_1, minivault_11, minmay_quadrilaterals, uniq_natasha

Action                   || total
-------------------------++-------
Melee: Unarmed           ||    81
       Tailslap          ||     7
 Cast: Foxfire           ||    46
  Use: Potion            ||     2
 Stab: Sleeping          ||     1
Armor: Skin              ||    32
Dodge: Dodged            ||    61
